 Dungeon Crawl Stone Soup version 0.26.0-91-g99b343417d (webtiles) character file.

Game seed: 5041773818109869178

228 Gadfly the Sneak (level 5, -9/29 HPs)
             Began as a Vampire Enchanter on Feb 4, 2021.
             Mangled by an orc warrior
             ... wielding a +0 mace
              (18 damage)
             ... on level 3 of the Dungeon.
             The game lasted 00:06:54 (2680 turns).

Gadfly the Sneak (Vampire Enchanter)                Turns: 2680, Time: 00:06:55

Health: -9/29      AC:  2    Str:  7    XL:     5   Next: 70%
Magic:  4/9        EV: 13    Int: 19    God:
Gold:   158        SH:  0    Dex: 14    Spells: 3/9 levels left

rFire    . . .     SeeInvis +   a - +1 dagger
rCold    + + .     Faith    .   (no shield)
rNeg     + + +     Spirit   .   b - +0 robe
rPois    ∞         Reflect  .   (no helmet)
rElec    .         Harm     .   (no cloak)
rCorr    .         Rampage  .   (no gloves)
Will     .....                  (no boots)
Stlth    +++++.....             (no amulet)
HPRegen  0.00/turn              (no ring)
MPRegen  0.11/turn              (no ring)

@: bloodless
A: fangs 3, see invisible, unbreathing
a: Bat Form, Revivify


You were on level 3 of the Dungeon.
You visited 1 branch of the dungeon, and saw 3 of its levels.

You collected 158 gold pieces.

Inventory:

Hand Weapons
 a - a +1 dagger (weapon)
 j - a +3 vorpal falchion
Armour
 b - a +0 robe (worn)
Scrolls
 d - 2 scrolls of teleportation
 k - a scroll of identify
Potions
 c - a potion of resistance
 e - 2 potions of brilliance {unknown}
 f - a potion of haste {unknown}
 g - a potion of magic {unknown}
 h - a potion of invisibility {unknown}
 i - a potion of curing
 l - 2 potions of flight {unknown}


   Skills:
 + Level 1.2 Fighting
 + Level 2.2 Short Blades
 * Level 3.3 Dodging
 + Level 5.7 Stealth
 * Level 2.9 Spellcasting
 + Level 5.1 Hexes
 * Level 1.8 Evocations


You had 3 spell levels left.
You knew the following spells:

 Your Spells              Type           Power        Failure   Level
a - Corona                Hex            24%          1%          1
b - Ensorcelled Hibernat  Hex/Ice        24%          9%          2
c - Confusing Touch       Hex            22%          5%          3

Your spell library contained the following spells:

 Spells                   Type           Power        Failure   Level
 Tukima's Dance           Hex            22%          5%          3
 Dazzling Flash           Conj/Hex       24%          16%         3


Dungeon Overview and Level Annotations

Branches:
Dungeon (3/15)

Altars:
Hepliaklqana
Uskayaw
Yredelemnul


Innate Abilities, Weirdness & Mutations

You do not regenerate when monsters are visible.
You are frail without blood (-20% HP).
You can heal yourself when you bite living creatures.
You are immune to poison.
You have razor-sharp teeth.
You have supernaturally acute eyesight. (SInv)
You can survive without breathing.


Message History

The orc wizard begins to cast a cantrip, but forgets the words!
You hit the orc warrior but do no damage.
The orc warrior is severely wounded.
The orc wizard is no longer moving quickly.
You hit the orc warrior.
The orc warrior is almost dead.
The orc warrior misses you.
You hit the orc warrior but do no damage.
Your bite misses the orc warrior.
The orc warrior is almost dead.
You hit the orc warrior but do no damage.
The orc warrior is almost dead.
The orc warrior hits you with a +0 mace!
The orc wizard casts a spell.
The orc wizard blinks!
You hit the orc warrior but do no damage.
The orc warrior is almost dead.
The orc warrior hits you with a +0 mace!!
Ouch! That really hurt!
You die...

.##.#.## ... .....#.
#.. .# .##.#.# # #.#
#..# ....#.#.# #.#
.[# ####.[#.####.#
..# # #......##.# ..#
# #..###.##.### #.# #
#..# #......#######.#
#
#..###.##....@oo..§[#
#
#......####.#######.#
# #.###### #.# #.#
####.#########.# #o#
...............# #)#
.###.###########
#.#### .# #.# ####
#†(..# <# #.
#....####..#..# .# ##
..............#


You could see an orc warrior (confused) and an orc wizard (invisible).

Vanquished Creatures
  Purgy (D:3)
  8 adders
  3 dart slugs
  2 leopard geckos
  3 orcs (D:3)
  A ball python (D:1)
  A giant cockroach (D:2)
  8 goblins
  3 hobgoblins (D:1)
  5 jackals
  11 bats
  5 frilled lizards
  4 kobolds
  3 rats
58 creatures vanquished.

Notes
Turn   | Place    | Note
-------+----------+-------------------------------------------
     0 | D:1      | Gadfly the Vampire Enchanter began the quest for the Orb.
     0 | D:1      | Reached XP level 1. HP: 13/13 MP: 3/3
   141 | D:1      | Reached XP level 2. HP: 15/15 MP: 5/5
   158 | D:1      | Learned a level 2 spell: Ensorcelled Hibernation
   229 | D:1      | You fall into a shaft and drop 1 floor!
   507 | D:1      | Reached skill level 5 in Stealth
   918 | D:1      | Reached XP level 3. HP: 15/20 MP: 3/6
  1132 | D:1      | Learned a level 3 spell: Confusing Touch
  1339 | D:2      | Reached skill level 1 in Evocations
  1504 | D:2      | Reached XP level 4. HP: 24/24 MP: 7/7
  1558 | D:2      | Found a hide-covered altar of Uskayaw.
  2231 | D:2      | Found a hazy altar of Hepliaklqana.
  2389 | D:3      | Reached skill level 1 in Fighting
  2543 | D:3      | Noticed Purgy
  2551 | D:3      | Killed Purgy
  2552 | D:3      | Reached skill level 5 in Hexes
  2552 | D:3      | Reached XP level 5. HP: 29/29 MP: 5/9
  2553 | D:3      | Noticed an orc warrior
  2554 | D:3      | Found a basalt altar of Yredelemnul.
  2680 | D:3      | Mangled by an orc warrior

Illustrated notes

Levels and vault maps discovered:
D:1:      dpeg_arrival_pond, layout_loops_ring, grunt_decor_mini_mirrors
D:2:      layout_loops_ring, nzn_hepliaklqana_mist_gate,
          nicolae_overflow_crystal_walls, roderic_lattice_a
D:3:      layout_loops_ring, kennysheep_slug_shrine, old_standard_altar,
          uniq_purgy

Skill      XL: |  1  2  3  4 |
---------------+-------------+-----
Stealth        | 5 |  5.7
Evocations     | 1 |  1.8
Fighting       | 1 |  1.2
Dodging        | 3 |  3.3
Short Blades   | 2 |  2.2
Hexes          | 5 |  5.1
Spellcasting   | |  2.9

Action                   |  1- 3 |  4- 6 || total
-------------------------+-------+-------++-------
Melee: Dagger            |   101 |    57 ||   158
       Bite              |     2 |     2 ||     4
 Cast: Ensorcelled Hiber |     6 |    15 ||    21
       Confusing Touch   |       |     1 ||     1
 Abil: Exsanguinate      |     1 |       ||     1
  Use: Scroll            |     3 |       ||     3
       Potion            |     2 |     1 ||     3
 Stab: Sleeping          |    21 |    16 ||    37
Armor: Robe              |    18 |     4 ||    22
Dodge: Dodged            |    66 |    43 ||   109
